 Dungeon Crawl Stone Soup version 0.28-a0-1616-g050a50673c (webtiles) character file.

Game seed: 8166554736121146118

84 innerfire433 the Bolt Thrower (level 4, 0/34 HPs)
             Began as a Mummy Hunter on Jan 22, 2022.
             Slain by an adder (1 damage)
             ... on level 2 of the Dungeon.
             The game lasted 00:03:19 (1495 turns).

innerfire433 the Bolt Thrower (Mummy Hunter)        Turns: 1495, Time: 00:03:20

Health: 0/34       AC:  4    Str: 17    XL:     4   Next: 23%
Magic:  4/4        EV: 11    Int: 10    God:
Gold:   30         SH:  0    Dex: 12    Spells: 3/3 levels left

rFire   x . .      SeeInvis .   a - +1 hand crossbow
rCold   + . .      Faith    .   (no shield)
rNeg    + + +      Spirit   .   c - +0 leather armour
rPois   ∞          Reflect  .   (no helmet)
rElec   .          Harm     .   (no cloak)
rCorr   .          Rampage  .   (no gloves)
Will    .....                   g - +0 pair of boots
Stlth   +.........              (no amulet)
HPRegen 0.11/turn               (no ring)
MPRegen 0.09/turn               (no ring)

@: no status effects
A: cold resistance 1, negative energy resistance 3, torment resistance 2, heat
vulnerability 1, no potions
a: no special abilities


You were on level 2 of the Dungeon.
You visited 1 branch of the dungeon, and saw 2 of its levels.

You collected 30 gold pieces.

Inventory:

Hand Weapons
 a - a +1 hand crossbow (weapon)
 b - a +0 short sword
Armour
 c - a +0 leather armour (worn)
 g - a +0 pair of boots (worn)
Scrolls
 e - a scroll of identify {unknown}
 f - a scroll of teleportation {unknown}
 h - a scroll of amnesia {unknown}


   Skills:
 + Level 2.9 Fighting
 * Level 4.0 Crossbows
 - Level 2.0 Dodging
 - Level 1.3 Stealth


You had 3 spell levels left.
You didn't know any spells.
Your spell library was empty.

Dungeon Overview and Level Annotations

Branches:
Dungeon (2/15)

Altars:


Innate Abilities, Weirdness & Mutations

You are immune to poison.
Your flesh is cold resistant. (rC+)
You are immune to negative energy. (rN+++)
You are immune to unholy pain and torment.
You are vulnerable to heat. (rF-)
You do not drink.


Message History

* * * LOW HITPOINT WARNING * * *
The bat closely misses you. The adder bites you.
* * * LOW HITPOINT WARNING * * *
You barely miss the adder.
The adder is severely wounded.
The bat hits you.
* * * LOW HITPOINT WARNING * * *
The adder bites you but does no damage. The adder barely misses you.
You closely miss the adder.
The adder is severely wounded.
The bat closely misses you. The adder barely misses you.
You miss the adder.
The adder is severely wounded.
The bat barely misses you. The adder closely misses you.
The bat barely misses you. The adder bites you but does no damage.
You miss the adder.
The adder is severely wounded.
The bat hits you but does no damage. The adder bites you but does no damage.
The bat hits you.
* * * LOW HITPOINT WARNING * * *
The adder bites you but does no damage. The bat barely misses you.
You closely miss the adder.
The adder is severely wounded.
The adder barely misses you. The bat hits you but does no damage.
The adder bites you.
* * * LOW HITPOINT WARNING * * *
You clumsily bash the adder but do no damage.
The adder is severely wounded.
The bat hits you.
* * * LOW HITPOINT WARNING * * *
The adder barely misses you. The adder bites you.
* * * LOW HITPOINT WARNING * * *
You closely miss the adder.
The adder is severely wounded.
The bat hits you but does no damage. The adder barely misses you.
The adder bites you but does no damage.
You completely miss the adder.
The adder is severely wounded.
The bat barely misses you. x2; The adder bites you.
You die...

########### ##
..........# .#
..........# .#
........:.# .#
..........#####.##.#..
...........@S.....≈≈≈.
.........$.≈b(..≈.≈≈≈.
...........≈≈≈≈≈≈≈≈≈≈≈
.........≈.≈≈≈≈≈≈≈≈≈≈.
..........≈≈≈≈≈≈≈≈≈≈≈.
...........≈≈≈≈♣.≈≈≈≈.
...........≈≈≈._.≈≈≈≈≈
#######.#..≈≈≈...≈≈≈≈.
#.#..≈≈≈≈


You could see an adder and a bat.

Vanquished Creatures
  A jelly (D:2)
  2 worms (D:2)
  A dart slug (D:1)
  9 ball pythons
  3 endoplasms
  A giant cockroach (D:1)
  A goblin (D:2)
  4 hobgoblins
  4 jackals
  5 kobolds
  A quokka (D:2)
  4 bats
  2 frilled lizards (D:1)
  4 rats (D:1)
42 creatures vanquished.

Notes
Turn   | Place    | Note
-------+----------+-------------------------------------------
     0 | D:1      | innerfire433 the Mummy Hunter began the quest for the Orb.
     0 | D:1      | Reached XP level 1. HP: 16/16 MP: 1/1
   110 | D:1      | Reached skill level 1 in Stealth
   184 | D:1      | Reached XP level 2. HP: 22/22 MP: 2/2
   661 | D:1      | Reached XP level 3. HP: 28/28 MP: 3/3
  1442 | D:2      | Reached skill level 4 in Crossbows
  1442 | D:2      | Reached XP level 4. HP: 34/34 MP: 4/4
  1468 | D:2      | Found a faded altar of an unknown god.
  1493 | D:2      | HP: 1/34 [adder (2)]
  1495 | D:2      | Slain by an adder

Illustrated notes

Levels and vault maps discovered:
D:1:      evilmike_arrival_rings, layout_basic, ebering_dispersal_statue_hall
D:2:      layout_basic, chequers_ecumenical_altar_island, minmay_split_cup_small

Skill      XL: |  1  2  3 |
---------------+----------+-----
Stealth        | 1 |  1.3
Dodging        | 2 |  2.0
Crossbows      | 4 |  4.0
Fighting       | |  2.9

Action                   |  1- 3 |  4- 6 || total
-------------------------+-------+-------++-------
Melee: Hand crossbow     |       |    12 ||    12
 Fire: Hand crossbow     |    87 |     9 ||    96
Armor: Leather armour    |     4 |    26 ||    30
Dodge: Dodged            |    15 |    54 ||    69

Table legend: (Time is in decaauts)
 A = Elapsed time spent in this place.
 B = Non-inter-level travel time spent in this place.
 C = Inter-level travel time spent in this place.
 D = Time resting spent in this place.
 E = Time spent auto-exploring this place.
 F = Levels seen in this place.
 G = Mean time per level.
                   A        B        C        D        E       F      G
               +--------+--------+--------+--------+--------+-----+--------+
         Total |   1532 |   1383 |    149 |      0 |   1114 |   2 |  766.0 |
       Dungeon |   1532 |   1383 |    149 |      0 |   1114 |   2 |  766.0 |
               +--------+--------+--------+--------+--------+-----+--------+

Top non-repeatable levels by time:
     D:1: 1000 daAuts
     D:2: 532 daAuts
